 Dungeon Crawl Stone Soup version 0.26.1-11-gd32895ea62 (webtiles) character file.

Game seed: 10510091523460795827

182 infcreate the Sneak (level 5, -3/29 HPs)
             Began as a Vampire Enchanter on May 7, 2021.
             Slain by a wight
             ... wielding a cursed +0 falchion
              (8 damage)
             ... on level 3 of the Dungeon.
             The game lasted 00:10:33 (4152 turns).

infcreate the Sneak (Vampire Enchanter)             Turns: 4152, Time: 00:10:33

Health: -3/29      AC:  2    Str:  7    XL:     5   Next: 34%
Magic:  6/8        EV: 14    Int: 17    God:
Gold:   89         SH:  0    Dex: 16    Spells: 2/8 levels left

rFire    . . .     SeeInvis +   a - +1 dagger
rCold    + + .     Faith    .   (no shield)
rNeg     + + +     Spirit   .   b - +0 robe
rPois    ∞         Reflect  .   (no helmet)
rElec    .         Harm     .   (no cloak)
rCorr    .         Rampage  .   (no gloves)
Will     .....                  (no boots)
Stlth    +++++.....             (no amulet)
HPRegen  0.00/turn              (no ring)
MPRegen  0.11/turn              (no ring)

@: bloodless
A: fangs 3, see invisible, unbreathing
a: Bat Form, Revivify


You were on level 3 of the Dungeon.
You visited 1 branch of the dungeon, and saw 3 of its levels.

You collected 89 gold pieces.


Innate Abilities, Weirdness & Mutations

You do not regenerate when monsters are visible.
You are frail without blood (-20% HP).
You can heal yourself when you bite living creatures.
You are immune to poison.
You have razor-sharp teeth.
You have supernaturally acute eyesight. (SInv)
You can survive without breathing.


   Skills:
 + Level 1.0 Fighting
 * Level 2.7 Short Blades
 * Level 3.4 Dodging
 * Level 5.7 Stealth
 + Level 2.4 Spellcasting
 * Level 5.6 Hexes


You had 2 spell levels left.
You knew the following spells:

 Your Spells              Type           Power        Failure   Level
c - Corona                Hex            23%          1%          1
e - Ensorcelled Hibernat  Hex/Ice        22%          9%          2
t - Confusing Touch       Hex            21%          5%          3

Your spell library contained the following spells:

 Spells                   Type           Power        Failure   Level
 Tukima's Dance           Hex            21%          5%          3
 Dazzling Flash           Conj/Hex       22%          17%         3

Inventory:

Hand Weapons
 a - a +1 dagger (weapon)
Armour
 b - a +0 robe (worn)
Magical Staves
 c - an uncursed staff of earth {!a, unknown}
Jewellery
 n - an uncursed amulet of regeneration {unknown}
Scrolls
 f - 2 scrolls of fear
 h - a scroll of immolation
 i - a scroll of remove curse {unknown}
 j - 2 scrolls of identify {@r1}
 m - 3 scrolls of amnesia {unknown}
 o - a scroll of enchant weapon {unknown}
Potions
 d - 2 potions of attraction {unknown}
 e - 2 potions of heal wounds {unknown}
 g - a potion of brilliance {unknown}
 k - a potion of berserk rage {unknown}
 l - a potion of magic {unknown}
 p - 2 potions of resistance {unknown}

Dungeon Overview and Level Annotations

Branches:
Dungeon (3/15)

Altars:
Trog
Wu Jian
Yredelemnul

#.#
#......#########
#.# #......#
#<[... #.#
#......# ##(...
#.# #......#
#....
##'###......#
#....
#...........#
#..).
#........[..#
#..(.
#...........#
#....
#..z@.......#
#####
##.###......#
#.# ######## #.#
#)# #z# #.# #.#
#......#


You could see a wight (confused).


Message History

Confirm with . or Enter, or press ? or * to list all spells.
The spell is quite dangerous to cast (5% risk of failure)!
Continue anyway?
Your hands begin to glow red.
You closely miss the wight. You bite the wight, but do no damage.
The wight hits you with a cursed +0 falchion.
You hit the wight but do no damage. You bite the wight, but do no damage.
The wight barely misses you.
You hit the wight but do no damage. The wight misses you.
You hit the wight but do no damage. You hit the wight but do no damage.
The wight hits you with a cursed +0 falchion.
You hit the wight but do no damage. The wight closely misses you.
You hit the wight but do no damage. You bite the wight, but do no damage.
The wight hits you with a cursed +0 falchion!
You hit the wight but do no damage. You hit the wight but do no damage.
The wight appears confused.
Your bite misses the wight. You hit the wight but do no damage.
The wight hits you with a cursed +0 falchion!
* * * LOW HITPOINT WARNING * * *
You are too injured to fight recklessly!
You are too injured to fight recklessly!
You are too injured to fight recklessly!
You are too injured to fight recklessly!
You hit the wight but do no damage.
The wight hits you with a cursed +0 falchion.
* * * LOW HITPOINT WARNING * * *
You hit the wight but do no damage.
The wight hits you with a cursed +0 falchion!
You die...

Skill      XL: |  1  2  3  4  5 |
---------------+----------------+-----
Stealth        | 5 |  5.7
Hexes          | 5 |  5.6
Short Blades   | 2 |  2.7
Dodging        | 3 |  3.4
Fighting       | 1 |  1.0
Spellcasting   | |  2.4

Action                   |  1- 3 |  4- 6 || total
-------------------------+-------+-------++-------
Melee: Dagger            |   101 |    88 ||   189
       Bite              |     6 |    17 ||    23
 Cast: Corona            |    34 |     8 ||    42
       Ensorcelled Hiber |    23 |    30 ||    53
       Confusing Touch   |       |     4 ||     4
 Abil: Exsanguinate      |     1 |       ||     1
  Use: Scroll            |     3 |       ||     3
 Stab: Sleeping          |    26 |    34 ||    60
       Confused          |       |     1 ||     1
Armor: Robe              |    27 |     7 ||    34
Dodge: Dodged            |    66 |    40 ||   106

Levels and vault maps discovered:
D:1:      lemuel_arrival_cross, layout_basic, minmay_tiny_reverse_x
D:2:      kennysheep_six_static_rooms, layout_basic,
          gammafunk_temple_overflow_elements, nzn_wu_jian_council_hall,
          serial_forest, infiniplex_forest_lined_ring,
          infiniplex_forest_lined_3_way, infiniplex_forest_clump_long,
          infiniplex_forest_lined_2, infiniplex_forest_clump_double,
          infiniplex_forest_clump_long
D:3:      layout_basic, chequers_ecumenical_altar_simple

Notes
Turn   | Place    | Note
-------+----------+-------------------------------------------
     0 | D:1      | infcreate the Vampire Enchanter began the quest for the
                  | Orb.
     0 | D:1      | Reached XP level 1. HP: 13/13 MP: 3/3
   524 | D:1      | Reached XP level 2. HP: 14/15 MP: 0/5
   527 | D:1      | Learned a level 2 spell: Ensorcelled Hibernation
  1485 | D:1      | Reached skill level 5 in Stealth
  1552 | D:1      | Reached XP level 3. HP: 19/19 MP: 3/6
  2165 | D:2      | Reached skill level 5 in Hexes
  2233 | D:2      | Reached skill level 2 in Short Blades
  2308 | D:2      | Reached skill level 3 in Dodging
  2308 | D:2      | Reached XP level 4. HP: 24/24 MP: 1/7
  2312 | D:2      | Learned a level 3 spell: Confusing Touch
  3146 | D:2      | Found a bloodstained altar of Trog.
  3146 | D:2      | Found a basalt altar of Yredelemnul.
  3329 | D:2      | Found an ornate altar of the Wu Jian Council.
  3735 | D:3      | Reached XP level 5. HP: 28/28 MP: 2/8
  3931 | D:3      | Reached skill level 1 in Fighting
  4152 | D:3      | Slain by a wight

Vanquished Creatures
  An orc priest (D:3)
  A howler monkey zombie (D:3)
  3 adders (D:2)
  A white imp (D:3)
  An ooze (D:1)
  4 worms (D:2)
  A dart slug (D:1)
  3 leopard geckos
  5 orcs
  A ball python (D:2)
  9 bats
  4 giant cockroaches
  9 goblins
  8 hobgoblins
  5 jackals
  9 kobolds
  2 quokkas
  6 frilled lizards
  9 rats
82 creatures vanquished.

Vanquished Creatures (others)
  7 plants (D:2)
7 creatures vanquished.

Grand Total: 89 creatures vanquished

Table legend: (Time is in decaauts)
 A = Elapsed time spent in this place.
 B = Non-inter-level travel time spent in this place.
 C = Inter-level travel time spent in this place.
 D = Time resting spent in this place.
 E = Time spent auto-exploring this place.
 F = Levels seen in this place.
 G = Mean time per level.
                   A        B        C        D        E       F      G
               +--------+--------+--------+--------+--------+-----+--------+
         Total |   4138 |   4054 |     84 |   1151 |   1704 |   3 | 1379.3 |
       Dungeon |   4138 |   4054 |     84 |   1151 |   1704 |   3 | 1379.3 |
               +--------+--------+--------+--------+--------+-----+--------+

Top non-repeatable levels by time:
     D:1: 1890 daAuts
     D:2: 1589 daAuts
     D:3: 658 daAuts

Table legend:
 A = Non-vault XP
 B = Vault XP
 C = Vault XP percentage of total XP
 D = Non-vault monster count
 E = Vault monster count
 F = Vault count percentage of total count
                 A         B        C        D         E       F
            +---------+---------+-------+---------+---------+-------
      Total |     235 |      25 |   9.6 |      74 |       8 |   9.8
            +---------+---------+-------+---------+---------+-------
        D:1 |      51 |       4 |   7.3 |      28 |       2 |   6.7
        D:2 |      89 |      21 |  19.1 |      31 |       6 |  16.2
        D:3 |      95 |       0 |   0.0 |      15 |       0 |   0.0
            +---------+---------+-------+---------+---------+-------
